 Dungeon Crawl Stone Soup version 0.29-a0-757-g358383b (webtiles) character file.

Game seed: 2080328868514818481

20069 PurpleRed the Eclecticist (level 12, -5/62 HPs)
             Began as a Deep Elf Brigand on June 30, 2022.
             Was an Elder of Vehumet.
             Killed from afar by a rime drake (33 damage)
             ... with a flash freeze
             ... on level 6 of the Lair of Beasts.
             The game lasted 00:58:47 (6283 turns).

PurpleRed the Eclecticist (Deep Elf Brigand)        Turns: 6283, Time: 00:58:47

Health: -5/62      AC:  8    Str:  8    XL:     12   Next: 42%
Magic:  13/34      EV: 15    Int: 22    God:    Vehumet [****..]
Gold:   644        SH:  0    Dex: 22    Spells: 26/44 levels left

rFire   . . .      SeeInvis .   t - +2 dagger (elec)
rCold   . . .      Faith    +   (no shield)
rNeg    . . .      Spirit   .   b - +0 robe
rPois   .          Reflect  .   n - +2 helmet
rElec   .          Harm     .   j - scarf {repulsion}
rCorr   .          Rampage  .   (no gloves)
Will    +....                   q - +2 pair of boots
Stlth   ++++......              H - amulet of faith
HPRegen 0.20/turn               m - ring of flight
MPRegen 0.24/turn               x - +6 ring of dexterity

@: freezing walls, flying, repel missiles
A: no striking features
a: Renounce Religion


You were on level 6 of the Lair of Beasts.
You worshipped Vehumet.
Vehumet was greatly pleased with you.
You visited 3 branches of the dungeon, and saw 16 of its levels.

You collected 690 gold pieces.
You spent 46 gold pieces at shops.

Inventory:

Hand Weapons
 a - a +2 dagger
 t - a +2 dagger of electrocution (weapon)
 u - a +0 glaive
 B - a +0 shortbow
Missiles
 d - 21 poisoned darts (quivered)
 e - 4 curare-tipped darts
 f - 5 atropa-tipped darts
 p - 3 datura-tipped darts
 A - 2 throwing nets
Armour
 b - a +0 robe (worn)
 c - a +0 cloak
 j - a scarf of repulsion (worn)
 n - a +2 helmet (worn)
 q - a +2 pair of boots (worn)
Jewellery
 m - a ring of flight (left hand)
 x - a +6 ring of dexterity (right hand)
 D - a ring of fire
 H - an amulet of faith (around neck)
Wands
 I - a wand of mindburst (4)
 J - a wand of quicksilver (7)
Scrolls
 g - 6 scrolls of teleportation
 k - a scroll of enchant armour
 l - 2 scrolls of immolation
 o - a scroll of poison
 E - a scroll of blinking {unknown}
 M - a scroll of magic mapping {unknown}
Potions
 h - 2 potions of heal wounds
 i - 2 potions of attraction
 r - 2 potions of cancellation
 s - 3 potions of mutation
 v - 2 potions of magic
 w - 3 potions of lignification
 z - 2 potions of invisibility
 C - 2 potions of might
 F - a potion of flight {unknown}
 G - a potion of brilliance {unknown}
 L - 2 potions of curing
Miscellaneous
 y - a lightning rod (4/4)
 K - a phial of floods


   Skills:
 - Level 2.1 Fighting
 - Level 2.1 Short Blades
 - Level 2.0 Throwing
 - Level 5.0 Dodging
 - Level 6.1 Stealth
 + Level 16.7 Spellcasting
 + Level 12.5 Conjurations
 + Level 7.0 Fire Magic
 - Level 8.0 Ice Magic
 - Level 2.0 Air Magic


You had 26 spell levels left.
You knew the following spells:

 Your Spells              Type           Power      Damage    Failure   Level
a - Freeze                Ice            100%       1d11      1%          1
b - Frozen Ramparts       Ice            100%       1d12      1%          3
c - Blink                 Tloc           36%        N/A       4%          2
d - Hailstorm             Conj/Ice       59%        3d13      1%          4
e - Freezing Cloud        Conj/Ice/Air   25%        6-21      1%          5
f - Conjure Flame         Conj/Fire      57%        6-21      1%          3

Your spell library contained the following spells:

 Spells                   Type           Power      Damage    Failure   Level
 Sticky Flame             Conj/Fire      57%        2d7       1%          4
 Ignite Poison            Fire/Tmut/Pois 28%        N/A       1%          3
 Mephitic Cloud           Conj/Pois/Air  39%        N/A       1%          3
 Call Canine Familiar     Summ           18%        N/A       9%          3
 Lesser Beckoning         Tloc           18%        N/A       9%          3
 Portal Projectile        Hex/Tloc       36%        N/A       9%          3
 Leda's Liquefaction      Hex/Erth       9%         N/A       30%         4
 Manifold Assault         Tloc           18%        N/A       63%         5
 Borgnjor's Revivificati  Necr           9%         N/A       100%        8
 Necromutation            Tmut/Necr      9%         N/A       100%        8
 Death's Door             Necr           9%         N/A       100%        9


Dungeon Overview and Level Annotations

Branches:
Dungeon (9/15)             Temple (1/1) D:4            Lair (6/6) D:8
 Shoals (0/4) Lair:2       Spider (0/4) Lair:3        Slime (0/5) Lair:5
    Orc: D:9-12

Altars:
Ashenzari
Cheibriados
Dithmenos
Elyvilon
Fedhas
Gozag
Hepliaklqana
Kikubaaqudgha
Nemelex Xobeh
Okawaru
Qazlal
Ru
Sif Muna
Trog
Uskayaw
Vehumet
Wu Jian
Xom
Yredelemnul
Zin
The Shining One
Jiyva

Shops:
D:3 (

Annotations:
D:2 Terence
D:6 Pikel
Lair:4 2 transporters


Message History

Casting: Freeze (safe; 1% risk of failure)
Confirm with . or Enter, or press ? or * to list all spells.
Aiming: Freeze (safe; 1% risk of failure)
Press: ? - help, Shift-Dir - straight line, f/p - black mamba
Aim: a black mamba (heavily wounded, slow)
You freeze the black mamba!
The black mamba is severely wounded.
The black mamba seems to slow down.
The wall freezes the black mamba.
The black mamba misses you.
The wall freezes the blink frog!
You kill the blink frog!
Vehumet accepts your kill.
You feel your power returning.
Casting: Freeze (safe; 1% risk of failure)
Confirm with . or Enter, or press ? or * to list all spells.
Aiming: Freeze (safe; 1% risk of failure)
Press: ? - help, Shift-Dir - straight line, f/p - black mamba
Aim: a black mamba (severely wounded, slow)
You freeze the black mamba.
The black mamba is almost dead.
The wall freezes the black mamba!
You kill the black mamba!
Vehumet accepts your kill.
The wall freezes the blink frog.
Your Fire Magic skill increases to level 7!
Really read the scroll of poison?
The air fills with toxic fumes!
As you read the scroll of poison, it crumbles to dust.
The wall freezes the blink frog.
The blink frog seems to slow down.
The blink frog hits you but does no damage.
The butterfly is engulfed in poison gas.
The butterfly is poisoned.
You kill the butterfly!
The wall freezes the blink frog.
The blink frog blinks!
The rime drake is engulfed in poison gas.
The rime drake is poisoned.
The rime drake resists.
The wall freezes the rime drake.
The rime drake breathes ice at you. The flash freeze hits you!!
Ouch! That really hurt!
You die...

..P## ##......8. #.....
.....##.....#...#§§§§§.
..........#...+#§§§§§..
................§§§§..b
.Y.Y............§§§...§.
..........†.....§P# §§§.
...........††...§§#§§§§.
.......<...##.##F§.§§§§.
..........#####@§FhP§§§.
...#........# ##§§§§§§§.
....##....P.P# ##§h§§§§.
... ........... k.§§§§.
#. #.#.......... #.§§§§.
# #............ §§§§§.
#............ .§§§§.
§§§§


You could see 2 blink frogs, a rime drake (poisoned, catching breath) and 2
wolves.

Vanquished Creatures
  A hydra (Lair:5)
  A boulder beetle (Lair:3)
  6 black mambas
  10 cane toads
  5 komodo dragons
  A hornet (D:8)
  10 blink frogs
  4 dream sheep (Lair:3)
  27 yaks
  A wyvern (Lair:2)
  A basilisk (Lair:3)
  Menkaure (D:7)
  11 water moccasins
  A black bear (Lair:4)
  2 orc warriors
  17 wolves
  3 ogres
  7 centaurs
  6 bullfrogs
  A gnoll sergeant (D:5)
  4 necrophages
  6 scorpions
  3 howler monkeys
  3 jellies
  3 hounds
  A gnoll shaman (Lair:2)
  3 orc priests
  Jessica (D:2)
  3 orc wizards
  2 iguanas
  4 hell rats (Lair:4)
  8 gnolls
  6 adders
  A shadow imp (D:6)
  A white imp (D:8)
  An ufetubus (D:5)
  3 worms
  19 orcs
  9 endoplasms
  5 giant cockroaches
  5 goblins
  3 hobgoblins
  A quokka (D:3)
  5 ball pythons
  4 bats
  A frilled lizard (D:2)
  5 kobolds
  2 rats
  2 butterflies
230 creatures vanquished.

Vanquished Creatures (collateral kills)
  A scorpion (D:6)
  A worm (D:4)
  An orc (D:6)
  A goblin (D:2)
  A rat (D:2)
5 creatures vanquished.

Vanquished Creatures (others)
  2 wolves (Lair:5)
  An orc (D:6)
  16 fungi
  15 plants
34 creatures vanquished.

Grand Total: 269 creatures vanquished

Notes
Turn   | Place    | Note
-------+----------+-------------------------------------------
     0 | D:1      | PurpleRed the Deep Elf Brigand began the quest for the Orb.
     0 | D:1      | Reached XP level 1. HP: 12/12 MP: 3/3
    18 | D:2      | Noticed Jessica
    19 | D:2      | Killed Jessica
    20 | D:2      | Reached skill level 3 in Spellcasting
    20 | D:2      | Reached XP level 2. HP: 17/17 MP: 4/8
    65 | D:2      | Reached XP level 3. HP: 13/21 MP: 9/9
   106 | D:2      | Noticed Terence
   164 | D:2      | Reached skill level 5 in Stealth
   662 | D:3      | Noticed an ogre
   687 | D:3      | Killed an ogre
   688 | D:3      | Reached skill level 4 in Spellcasting
   688 | D:3      | Reached XP level 4. HP: 26/26 MP: 10/12
   688 | D:3      | Reached XP level 5. HP: 30/30 MP: 11/14
   863 | D:3      | Reached skill level 5 in Spellcasting
   990 | D:4      | You are sucked into a shaft and drop 2 floors!
  1007 | D:6      | Found an iron altar of Okawaru.
  1176 | D:6      | Found a shadowy altar of Dithmenos.
  1247 | D:6      | Reached skill level 6 in Spellcasting
  1261 | D:6      | Noticed an orc warrior
  1262 | D:6      | Reached XP level 6. HP: 24/35 MP: 15/17
  1274 | D:6      | Reached skill level 7 in Spellcasting
  1286 | D:6      | Noticed Pikel
  1497 | D:7      | Noticed Menkaure
  1500 | D:7      | Killed Menkaure
  1501 | D:7      | Reached skill level 8 in Spellcasting
  1584 | D:7      | Reached XP level 7. HP: 17/40 MP: 21/21
  1644 | D:6      | Learned a level 1 spell: Freeze
  1648 | D:6      | Learned a level 3 spell: Frozen Ramparts
  1651 | D:6      | Learned a level 2 spell: Blink
  1722 | D:6      | Reached skill level 1 in Ice Magic
  1760 | D:5      | Entered Level 5 of the Dungeon
  1891 | D:4      | Reached skill level 9 in Spellcasting
  2025 | D:3      | Found Oloradal's Weapon Shop.
  2028 | D:3      | Bought 6 atropa-tipped darts for 46 gold pieces
  2223 | D:4      | Found a staircase to the Ecumenical Temple.
  2229 | Temple   | Entered the Ecumenical Temple
  2291 | Temple   | Became a worshipper of Vehumet
  2429 | D:5      | Learned a level 4 spell: Hailstorm
  2549 | D:5      | Reached XP level 8. HP: 33/44 MP: 19/23
  2568 | D:5      | Reached skill level 1 in Conjurations
  2920 | D:6      | Reached skill level 5 in Ice Magic
  2969 | D:6      | Reached * piety under Vehumet
  2969 | D:6      | Offered knowledge of Shock by Vehumet.
  3301 | D:7      | Reached skill level 10 in Spellcasting
  3424 | D:8      | Noticed a tengu conjurer
  3424 | D:8      | Noticed a tengu warrior
  3424 | D:8      | Noticed a troll
  3596 | D:8      | Noticed a hornet
  3598 | D:8      | Killed a hornet
  3599 | D:8      | Reached XP level 9. HP: 48/48 MP: 25/25
  3626 | D:8      | Found a staircase to the Lair.
  4026 | Lair:1   | Entered Level 1 of the Lair of Beasts
  4026 | Lair:1   | Noticed a cane toad
  4033 | Lair:1   | Killed a cane toad
  4044 | Lair:1   | Reached skill level 5 in Dodging
  4044 | Lair:1   | Reached skill level 11 in Spellcasting
  4063 | Lair:1   | Reached skill level 5 in Conjurations
  4149 | Lair:1   | Reached skill level 12 in Spellcasting
  4151 | Lair:1   | Noticed a seven-headed hydra
  4244 | Lair:1   | Noticed a komodo dragon
  4252 | Lair:1   | Reached XP level 10. HP: 26/53 MP: 24/28
  4253 | Lair:1   | Reached ** piety under Vehumet
  4253 | Lair:1   | Offered knowledge of Searing Ray by Vehumet.
  4313 | Lair:1   | Learned a level 5 spell: Freezing Cloud
  4342 | Lair:2   | Noticed a black mamba
  4344 | Lair:2   | Reached skill level 1 in Air Magic
  4347 | Lair:2   | Killed a black mamba
  4351 | Lair:2   | Reached skill level 13 in Spellcasting
  4529 | Lair:2   | Noticed a cane toad
  4535 | Lair:2   | Killed a cane toad
  4668 | Lair:3   | Reached skill level 14 in Spellcasting
  4668 | Lair:3   | Reached XP level 11. HP: 31/57 MP: 23/31
  4709 | Lair:3   | Reached skill level 10 in Conjurations
  4827 | Lair:3   | Offered knowledge of Conjure Flame by Vehumet.
  4835 | Lair:3   | Learned a level 3 spell: Conjure Flame
  4859 | Lair:3   | Reached skill level 1 in Fire Magic
  5010 | Lair:5   | Noticed an eight-headed hydra
  5018 | Lair:4   | Reached *** piety under Vehumet
  5021 | Lair:4   | Reached skill level 15 in Spellcasting
  5161 | Lair:4   | Found a transporter.
  5161 | Lair:4   | Noticed a boulder beetle
  5162 | Lair:4   | Found a transporter.
  5162 | Lair:4   | Noticed a boulder beetle
  5163 | Lair:4   | Noticed a boulder beetle
  5180 | Lair:4   | Offered knowledge of Dazzling Flash by Vehumet.
  5579 | Lair:3   | Found a hole to the Spider Nest.
  5580 | Lair:3   | Noticed a boulder beetle
  5589 | Lair:3   | Killed a boulder beetle
  5780 | Lair:2   | Reached skill level 5 in Fire Magic
  5824 | Lair:2   | Reached **** piety under Vehumet
  5914 | Lair:2   | Found a staircase to the Shoals.
  5933 | Lair:2   | Offered knowledge of Sticky Flame by Vehumet.
  5934 | Lair:2   | Reached XP level 12. HP: 34/62 MP: 25/33
  6040 | Lair:5   | Reached skill level 16 in Spellcasting
  6041 | Lair:5   | Killed an eight-headed hydra
  6081 | Lair:5   | Found a staircase to the Slime Pits.
  6082 | Lair:5   | Found a viscous altar of Jiyva.
  6239 | Lair:6   | Entered Level 6 of the Lair of Beasts
  6283 | Lair:6   | Killed from afar by a rime drake

Illustrated notes

Levels and vault maps discovered:
D:1:      scummos_arrival_star, layout_basic,
          ebering_ecumenical_altar_sacrificial
D:2:      layout_loops_ring, grunt_ministairs_8, uniq_jessica, uniq_terence
D:3:      wad_crossroads, layout_basic, serial_shops, nicolae_shop_behind_doors,
          chequers_serial_rivers_room_b, minmay_misc_feat_plants, st_stairs_9
D:4:      layout_basic, minmay_temple_entry_hall, gup_sewer_entry_pipe
D:5:      layout_basic, kennysheep_generic_room_5
D:6:      layout_basic, okawaru_gym_becter, old_standard_altar, minivault_25,
          dk_vineyard_1, uniq_pikel
D:7:      layout_basic, uniq_crazy_yiuf_cottage, uniq_menkaure
D:8:      layout_gridville, lair_entry_dummy, minmay_manual_moon
D:9:      layout_stronghold, lemuel_coloured_pillars_altar, chequers_mini_garden
Temple:   compressed_dpeg_triangle_lava_temple
Lair:1:   layout_roguey, minmay_lair_oklob_items
Lair:2:   layout_loops_ring, minmay_shoals_entry_centaurs,
          dreamdust_gnoll_shepherd, lemuel_fruit_fields, grunt_megastairs_2
Lair:3:   layout_gridlike, nicolae_spider_entry_non_spiders, grunt_megastairs_3,
          lemuel_fruit_tree
Lair:4:   gammafunk_boulding_lane, layout_big_grid, st_stairs_7
Lair:5:   layout_hall_layers, nicolae_slime_entry_slimehenge
Lair:6:   grunt_lair_end_beastmaster, layout_cellular_growth,
          chequers_serial_rivers_micro_b, chequers_serial_rivers_micro_b,
          lemuel_fruit_fields, grunt_megastairs_4

Skill      XL: |  1  2  3  4  5  6  7  8  9 10 11 12 |
---------------+-------------------------------------+-----
Fighting       | 2 |  2.1
Spellcasting   | 3 4 6 8 9 10 12 14 15 16 | 16.7
Stealth        | 6 |  6.1
Ice Magic      | 4 6 8 |  8.0
Conjurations   | 3 6 9 11 12 | 12.5
Dodging        | 3 5 |  5.0
Air Magic      | 2 |  2.0
Fire Magic     | 5 7 |  7.0
Short Blades   | |  2.1
Throwing       | |  2.0

Action                   |  1- 3 |  4- 6 |  7- 9 | 10-12 || total
-------------------------+-------+-------+-------+-------++-------
Melee: Dagger            |    69 |    88 |   126 |    99 ||   382
       Punch             |       |     1 |     2 |     1 ||     4
Throw: Dart              |    17 |    18 |    16 |     2 ||    53
 Cast: Frozen Ramparts   |       |       |    31 |    33 ||    64
       Freeze            |       |       |    22 |    46 ||    68
       Hailstorm         |       |       |    10 |     5 ||    15
       Freezing Cloud    |       |       |       |    29 ||    29
  Use: Scroll            |       |     5 |    12 |     6 ||    23
       Potion            |       |     2 |     4 |     4 ||    10
 Stab: Sleeping          |     4 |     2 |    13 |     3 ||    22
       Distracted        |     1 |       |       |       ||     1
Armor: Robe              |    22 |    30 |    31 |    36 ||   119
Dodge: Dodged            |    32 |    73 |    77 |   124 ||   306
       Repelled          |       |       |     2 |       ||     2

Table legend: (Time is in decaauts)
 A = Elapsed time spent in this place.
 B = Non-inter-level travel time spent in this place.
 C = Inter-level travel time spent in this place.
 D = Time resting spent in this place.
 E = Time spent auto-exploring this place.
 F = Levels seen in this place.
 G = Mean time per level.
                   A        B        C        D        E       F      G
               +--------+--------+--------+--------+--------+-----+--------+
         Total |   6286 |   5936 |    350 |     72 |      0 |  16 |  392.9 |
       Dungeon |   3934 |   3684 |    250 |     72 |      0 |   9 |  437.1 |
        Temple |     72 |     72 |      0 |      0 |      0 |   1 |   72.0 |
          Lair |   2278 |   2178 |    100 |      0 |      0 |   6 |  379.7 |
               +--------+--------+--------+--------+--------+-----+--------+

Top non-repeatable levels by time:
     D:6: 752 daAuts
     D:7: 743 daAuts
  Lair:3: 606 daAuts
     D:3: 551 daAuts
     D:5: 549 daAuts
  Lair:2: 541 daAuts
  Lair:4: 540 daAuts
     D:2: 443 daAuts
     D:4: 419 daAuts
  Lair:1: 330 daAuts
     D:8: 280 daAuts
  Lair:5: 216 daAuts
     D:9: 177 daAuts
  Temple: 72 daAuts
  Lair:6: 43 daAuts
